Map: Dusk Towers

Players

llllllll - Winner!

  • Race: Terran Terran
  • League: Gold

Kitesurfer

  • Race: Terran Terran
  • League: Gold

VOD

Have the link to the VOD?

Description

Time

  • Played on: July 9, 2016, 4:47 a.m.
  • Length: 15:58
Show
View Real Time Build Order
Export as new Build Order

llllllll Terran - Winner!

Build Orders: 1/1/1 

Get SALT Encoding   

  12  0:01  SCV  
  13  0:13  SCV  
  14  0:17  Supply Depot  
  14  0:25  SCV  
  15  0:37  Refinery  
  15  0:39  SCV  
  16  0:45  Barracks  
  16  0:54  SCV  
  17  1:06  SCV  
  18  1:18  SCV  
  19  1:32  Orbital Command  
  19  1:34  Marine  
  20  1:40  Factory  
  20  1:46  Refinery  
  20  1:52  Supply Depot  
  20  1:59  Marine, SCV  
  22  2:11  Bunker  
  22  2:13  SCV  
  23  2:17  Marine  
  24  2:25  Starport, SCV  
  25  2:32  Factory Reactor  
  25  2:40  SCV  
  26  2:48  Barracks Tech Lab  
  26  2:52  SCV  
  27  3:04  SCV  
  28  3:12  Command Center, Hellion  
  30  3:22  Supply Depot  
  30  3:33  SCV  
  31  3:43  Raven  
  31  3:44  Hellion x2  
  37  3:50  Starport  
  37  3:51  SCV  
  38  3:58  Supply Depot  
  38  4:13  SCV  
  39  4:20  Hellion x2  
  43  4:25  SCV  
  43  4:26  Orbital Command  
  44  4:32  Raven  
  46  4:41  SCV  
  46  4:42  Supply Depot  
  49  4:45  Hellion  
  49  4:49  Hellion  
  46  5:16  Viking  
  46  5:18  Raven  
  46  5:20  Hellion x2, SCV x2  
  56  5:25  Refinery, Supply Depot  
  56  5:32  SCV x2  
  58  5:37  Engineering Bay  
  58  5:40  Refinery  
  58  5:44  SCV  
  58  5:45  SCV  
  58  5:47  Hellion x2  
  64  5:51  Starport Tech Lab  
  64  5:57  SCV x2  
  66  6:01  Raven  
  66  6:02  Supply Depot  
  68  6:06  Supply Depot  
  68  6:10  Missile Turret, SCV x2  
  70  6:13  Raven  
  70  6:16  Hellion  
  76  6:18  Hellion  
  76  6:30  SCV x2  
  78  6:37  Command Center  
  78  6:42  SCV  
  78  6:44  Missile Turret  
  78  6:46  Missile Turret, Raven  
  81  6:49  Hellion  
  81  6:52  Hellion  
  81  6:53  SCV  
  86  6:58  Supply Depot  
  86  7:00  Supply Depot  
  86  7:01  SCV  
  87  7:03  Raven  
  87  7:07  SCV  
  90  7:11  Hellion  
  90  7:13  Hellion  
  94  7:25  Factory  
  94  7:26  SCV x2  
  96  7:31  Factory  
  96  7:34  Armory  
  96  7:40  Armory  
  96  7:42  SCV x2  
  98  7:46  Raven  
  98  7:49  Viking  
  102  8:11  Hellion x2  
  106  8:13  Factory Tech Lab  
  106  8:14  Factory Tech Lab  
  106  8:18  Orbital Command  
  106  8:21  Factory  
  106  8:23  Raven  
  108  8:30  Refinery  
  108  8:31  Refinery  
  108  8:32  Terran Vehicle Weapons Level 1  
  108  8:33  Terran Vehicle And Ship Armor Level 1  
  108  8:34  Supply Depot  
  108  8:35  Supply Depot, SCV x2  
  110  8:43  Missile Turret  
  110  8:47  SCV x2  
  92  9:24  Siege Tank x2  
  92  9:25  Hellion x2  
  102  9:33  Raven x2  
  106  9:46  Hellion  
  106  10:00  Siege Tank x2  
  106  10:01  Hellion  
  114  10:08  Hellion  
  114  10:12  Factory Tech Lab  
  114  10:14  Factory  
  114  10:18  SCV x2  
  114  10:19  Building Armor  
  114  10:21  Explosive Shrapnel Shells  
  114  10:25  Supply Depot  
  114  10:26  Supply Depot  
  114  10:27  Supply Depot  
  114  10:28  SCV  
  114  10:30  SCV  
  114  10:37  Siege Tank  
  114  10:39  Siege Tank, Hellion  
  114  10:40  Hellion x2  
  114  10:46  Command Center  
  114  10:48  Command Center, SCV x2  
  114  10:49  SCV  
  114  10:52  Supply Depot, Liberator  
  114  10:53  Missile Turret  
  114  10:55  Liberator  
  114  10:59  Marine  
  114  11:00  SCV x2  
  114  11:05  Siege Tank, Hellion  
  114  11:06  Factory Reactor, Hellion  
  114  11:17  Marine  
  114  11:19  Terran Vehicle Weapons Level 2  
  114  11:27  Siege Tank  
  114  11:29  Hellion x2  
  114  11:32  Supply Depot  
  114  11:34  Supply Depot x2  
  114  11:37  Terran Vehicle And Ship Armor Level 2  
  114  11:45  Hellion x2  
  114  11:47  Siege Tank  
  114  11:50  Hellion x2  
  114  12:14  Refinery, Missile Turret  
  114  12:17  SCV x2  
  114  12:18  Refinery, Missile Turret  
  114  12:19  SCV  
  114  12:22  Sensor Tower  
  114  12:27  Command Center  
  114  12:29  Command Center  
  114  12:34  Missile Turret  
  114  12:37  Planetary Fortress  
  114  12:43  Liberator  
  114  12:44  Hi-Sec Auto Tracking  
  114  12:49  Planetary Fortress  
  114  12:54  Thor x2  
  114  12:57  Raven  
  114  13:14  Command Center  
  114  13:17  Corvid Reactor  
  114  13:24  Missile Turret  
  114  13:25  Missile Turret  
  114  13:42  Orbital Command  
  114  13:46  Command Center  
  114  13:47  Missile Turret  
  114  13:48  Starport  
  114  13:50  Barracks Reactor  
  114  13:54  Factory  
  114  13:55  Factory  
  114  13:59  Thor  
  114  14:00  Refinery, Missile Turret  
  114  14:02  Refinery, Missile Turret  
  114  14:05  Planetary Fortress  
  114  14:46  Missile Turret  
  114  14:59  Orbital Command  
  114  15:04  Factory Tech Lab, Factory Reactor  
  114  15:13  Refinery  
  114  15:19  Command Center  
  114  15:21  Command Center  
  114  15:22  Command Center  
  114  15:23  Refinery, Missile Turret  
  114  15:28  Command Center  
  114  15:43  Missile Turret  
Show
View Real Time Build Order
Export as new Build Order

Kitesurfer Terran 

Build Orders: Liberator Opening 

Get SALT Encoding   

  12  0:00  SCV  
  13  0:13  SCV  
  14  0:23  Supply Depot  
  14  0:25  SCV  
  15  0:32  Refinery  
  15  0:40  Refinery  
  15  0:44  SCV  
  16  0:51  Barracks  
  16  0:56  SCV  
  17  1:09  SCV  
  18  1:21  SCV  
  19  1:33  SCV  
  20  1:40  Barracks Reactor  
  20  1:44  Factory  
  20  1:46  Orbital Command  
  20  1:55  Supply Depot  
  20  2:13  SCV  
  21  2:16  Marine  
  21  2:17  Marine  
  23  2:25  SCV  
  23  2:29  Factory Tech Lab  
  24  2:33  Starport  
  24  2:36  Supply Depot  
  24  2:37  SCV  
  24  2:39  Marine  
  24  2:40  Marine  
  27  2:49  Siege Tank  
  30  2:57  Marine  
  30  2:58  Marine  
  32  3:05  Liberator  
  32  3:09  Engineering Bay  
  32  3:21  Siege Tank  
  38  3:34  Marine x2  
  40  3:43  Missile Turret  
  40  3:50  Liberator  
  40  3:51  Marine  
  40  3:52  Marine  
  40  3:53  Siege Tank  
  47  4:20  Supply Depot  
  47  4:23  Marine x2  
  49  4:26  Supply Depot  
  49  4:36  Missile Turret  
  34  5:17  Siege Tank  
  34  5:19  Marine x2  
  39  5:35  Command Center  
  39  5:37  Marine x2  
  41  5:45  SCV  
  41  5:49  Siege Tank  
  45  5:54  Viking  
  45  5:55  Marine x2  
  49  5:57  SCV  
  50  6:21  Siege Tank  
  50  6:24  Barracks  
  53  6:28  Starport Reactor  
  53  6:30  Marine x2  
  55  6:37  SCV  
  56  6:47  Marine, Orbital Command  
  56  6:48  Marine  
  56  6:49  SCV  
  59  7:01  SCV  
  59  7:04  Barracks  
  59  7:05  Marine x2  
  59  7:07  Barracks  
  62  7:15  Siege Tank  
  65  7:19  Barracks Tech Lab  
  65  7:23  Marine x2  
  67  7:36  Medivac  
  69  7:41  Marine x2  
  71  7:45  Stimpack  
  70  7:59  Marine x2  
  46  8:11  Marine x2  
  46  8:12  Marine  
  43  8:16  Marine  
  43  8:17  Marine  
  45  8:24  Viking  
  47  8:29  Marine x3  
  47  8:30  Viking  
  52  8:34  Marine x2  
  52  8:35  Terran Infantry Weapons Level 1  
  52  8:36  SCV  
  55  8:41  Refinery  
  55  8:47  Marine x3  
  58  8:52  Marine x2  
  43  9:05  Marine  
  43  9:07  Siege Tank  
  28  9:25  SCV  
  28  9:30  Marine x2  
  28  9:31  Marine x3  
  19  9:39  Siege Tank  
  19  9:43  Viking  
  16  9:48  Marine x3  
  8  10:11  Siege Tank  
Tags
 
Add a new tag
Caveats
  • Supply blocks, unpowered buildings, or Contaminate may cause inaccurate times.
  • Supply counts are checked every 10 seconds.